| TOP OF THE 1ST |
|
Harrisburg Senators batting - Pitching for Reading Fightin Phils : LHP Eddie San Miguel
|
|
Pitching: LHP Eddie San Miguel
|
|
|
Batting: RHB Pat Drader
|
0-0: Ground out 5-3 (Groundball, 5S, EV 71.2 MPH)
|
|
Batting: RHB Jim Miske
|
0-0: Foul Ball, location: 2F 0-1: Ground out 6-3 (Groundball, 56, EV 104.4 MPH)
|
|
Batting: RHB Kevin Wick
|
0-0: Ball 1-0: SINGLE (Groundball, 34D, EV 97.5 MPH)
|
|
Batting: RHB Rene Montoya
|
0-0: Called Strike 0-1: Ball 1-1: Swinging Strike 1-2: Ball 2-2: Strikes out looking
|
| Top of the 1st over - 0 runs, 1 hit, 0 errors, 1 left on base; Harrisburg 0 - Reading 0 |
| BOTTOM OF THE 1ST |
|
Reading Fightin Phils batting - Pitching for Harrisburg Senators : LHP Harry Osborne
|
|
Pitching: LHP Harry Osborne
|
|
|
Batting: RHB Alberto Ramirez
|
0-0: Ball 1-0: Ground out 4-3 (Groundball, 4, EV 87.5 MPH)
|
|
Batting: RHB Chris Myers
|
0-0: Called Strike 0-1: Ball 1-1: Ball 2-1: Swinging Strike 2-2: Ball 3-2: Base on Balls
|
|
Batting: RHB Alan Weller
|
0-0: Called Strike 0-1: Called Strike 0-2: Foul Ball, location: 2F 0-2: Fielders Choice at 2nd, 3-6 (Groundball, 3, EV 106.9 MPH)
|
|
Batting: LHB Josh George
|
0-0: Foul Ball, location: 2F 0-1: Foul Ball, location: 2F 0-2: Fly out, F9 (Flyball, 89M, EV 87.5 MPH)
|
| Bottom of the 1st over - 0 runs, 0 hits, 0 errors, 1 left on base; Harrisburg 0 - Reading 0 |
| TOP OF THE 2ND |
|
Harrisburg Senators batting - Pitching for Reading Fightin Phils : LHP Eddie San Miguel
|
|
Batting: RHB Ben Welt
|
0-0: Called Strike 0-1: Ball 1-1: DOUBLE (Line Drive, 7LD, EV 99.4 MPH)
|
|
Batting: LHB John Luke
|
0-0: Ball 1-0: Fly out, F7 (Flyball, 7S, EV 95.0 MPH)
|
|
Batting: LHB Erik Beezley
|
0-0: Ball 1-0: Ball 2-0: Called Strike 2-1: Foul Ball, location: 2F 2-2: Ground out 6-3 (Groundball, 6, EV 96.9 MPH)
|
|
Batting: RHB Tony Madrigal
|
0-0: Swinging Strike 0-1: Foul Ball, location: 2F 0-2: Fly out, F5 (Popup, 25F, EV 91.9 MPH)
|
| Top of the 2nd over - 0 runs, 1 hit, 0 errors, 1 left on base; Harrisburg 0 - Reading 0 |
| BOTTOM OF THE 2ND |
|
Reading Fightin Phils batting - Pitching for Harrisburg Senators : LHP Harry Osborne
|
|
Batting: RHB Seung-mun Kim
|
0-0: Called Strike 0-1: Ball 1-1: Fly out, F7 (Flyball, 7LS, EV 82.5 MPH)
|
|
Batting: RHB Steve Jones
|
0-0: SINGLE (Line Drive, 6D, EV 97.5 MPH)
|
|
Batting: RHB Frank Ramirez
|
0-0: Called Strike 0-1: Swinging Strike 0-2: SINGLE (Line Drive, 9LS, EV 106.2 MPH) Steve Jones to second Runner from 2nd tries for 3rd, SAFE, throw by RF made to third
|
|
Batting: RHB Cory Bonham
|
0-0: Called Strike Frank Ramirez is caught stealing 2nd base 2-4 0-1: Ball 1-1: Swinging Strike 1-2: SINGLE (Line Drive, 34D, EV 94.4 MPH) Steve Jones scores
|
|
Batting: RHB Allen Deschamps
|
0-0: Foul Ball, location: 2F 0-1: Ball 1-1: Ball 2-1: Swinging Strike 2-2: Foul Ball, location: 2F 2-2: Ball 3-2: DOUBLE (Line Drive, 89D, EV 103.8 MPH) Cory Bonham to third Cory Bonham scores
|
|
Batting: RHB Alberto Ramirez
|
0-0: Ball 1-0: Ball 2-0: Ground out 5-3 (Groundball, 56, EV 90.0 MPH)
|
| Bottom of the 2nd over - 2 runs, 4 hits, 0 errors, 1 left on base; Harrisburg 0 - Reading 2 |
| TOP OF THE 3RD |
|
Harrisburg Senators batting - Pitching for Reading Fightin Phils : LHP Eddie San Miguel
|
|
Batting: SHB Alex Medina
|
0-0: Ball 1-0: Ground out 4-3 (Groundball, 4, EV 91.9 MPH)
|
|
Batting: RHB Pat Drader
|
0-0: Ball 1-0: Fly out, F8 (Flyball, 8LXD, EV 104.4 MPH)
|
|
Batting: RHB Jim Miske
|
0-0: Foul Ball, location: 2F 0-1: Ball 1-1: Ground out 6-3 (Groundball, 6, EV 96.2 MPH)
|
| Top of the 3rd over - 0 runs, 0 hits, 0 errors, 0 left on base; Harrisburg 0 - Reading 2 |
| BOTTOM OF THE 3RD |
|
Reading Fightin Phils batting - Pitching for Harrisburg Senators : LHP Harry Osborne
|
|
Batting: RHB Chris Myers
|
0-0: Ball 1-0: Foul Ball, location: 2F 1-1: Fly out, F8 (Flyball, 8LM, EV 83.1 MPH)
|
|
Batting: RHB Alan Weller
|
0-0: Called Strike 0-1: Ball 1-1: Swinging Strike 1-2: Ground out 4-3 (Groundball, 4, EV 90.0 MPH)
|
|
Batting: LHB Josh George
|
0-0: Foul Ball, location: 2F 0-1: Called Strike 0-2: Ball 1-2: Foul Ball, location: 2F 1-2: Ball 2-2: Ball 3-2: Strikes out swinging
|
| Bottom of the 3rd over - 0 runs, 0 hits, 0 errors, 0 left on base; Harrisburg 0 - Reading 2 |
| TOP OF THE 4TH |
|
Harrisburg Senators batting - Pitching for Reading Fightin Phils : LHP Eddie San Miguel
|
|
Batting: RHB Kevin Wick
|
0-0: Swinging Strike 0-1: Fly out, F9 (Flyball, 9, EV 86.9 MPH)
|
|
Batting: RHB Rene Montoya
|
0-0: Called Strike 0-1: Ball 1-1: SINGLE (Groundball, 56D, EV 104.4 MPH)
|
|
Batting: RHB Ben Welt
|
0-0: Called Strike 0-1: SINGLE (Line Drive, 4M, EV 110.6 MPH) Rene Montoya to second
|
|
Batting: LHB John Luke
|
0-0: Fly out, F9 (Flyball, 9, EV 98.1 MPH)
|
|
Batting: LHB Erik Beezley
|
0-0: Ball 1-0: Ground out U3 (Groundball, 3L, EV 76.9 MPH)
|
| Top of the 4th over - 0 runs, 2 hits, 0 errors, 2 left on base; Harrisburg 0 - Reading 2 |
| BOTTOM OF THE 4TH |
|
Reading Fightin Phils batting - Pitching for Harrisburg Senators : LHP Harry Osborne
|
|
Batting: RHB Seung-mun Kim
|
0-0: Ball 1-0: Ball 2-0: Foul Ball, location: 2F 2-1: Fly out, F8 (Flyball, 8LS, EV 85.6 MPH)
|
|
Batting: RHB Steve Jones
|
0-0: Ball 1-0: Ball 2-0: SINGLE (Groundball, 5S, EV 67.5 MPH) (infield hit)
|
|
Batting: RHB Frank Ramirez
|
0-0: Called Strike 0-1: Ball 1-1: Foul Ball, location: 2F 1-2: SINGLE (Line Drive, 9LS, EV 97.5 MPH) Steve Jones to second Runner from 2nd tries for 3rd, SAFE, no throw by RF
|
|
Batting: RHB Cory Bonham
|
0-0: Fielders Choice at 2nd, 6-4 (Groundball, 6, EV 81.2 MPH) Steve Jones scores
|
|
Batting: RHB Allen Deschamps
|
0-0: DOUBLE (Line Drive, 9LM, EV 109.4 MPH) Cory Bonham to third
|
|
Batting: RHB Alberto Ramirez
|
0-0: Foul Ball, location: 2F 0-1: Ball 1-1: DOUBLE (Line Drive, 9LM, EV 103.8 MPH) Cory Bonham scores Allen Deschamps scores
|
|
Pitching: RHP Chris Close
|
|
|
Batting: RHB Chris Myers
|
0-0: Ground out 5-3 (Groundball, 56S, EV 84.4 MPH)
|
| Bottom of the 4th over - 3 runs, 4 hits, 0 errors, 1 left on base; Harrisburg 0 - Reading 5 |
| TOP OF THE 5TH |
|
Harrisburg Senators batting - Pitching for Reading Fightin Phils : LHP Eddie San Miguel
|
|
Batting: RHB Tony Madrigal
|
0-0: Ball 1-0: Ball 2-0: Ground out 4-3 (Groundball, 4, EV 103.8 MPH)
|
|
Batting: SHB Alex Medina
|
0-0: DOUBLE (Line Drive, 8RXD, EV 106.2 MPH)
|
|
Batting: RHB Pat Drader
|
0-0: Called Strike 0-1: Ball 1-1: Ground out 4-3 (Groundball, 34, EV 88.8 MPH) Alex Medina to third
|
|
Batting: RHB Jim Miske
|
0-0: Called Strike 0-1: Foul Ball, location: 2F 0-2: Ball 1-2: Ball 2-2: Fly out, F8 (Flyball, 8RD, EV 100.6 MPH)
|
| Top of the 5th over - 0 runs, 1 hit, 0 errors, 1 left on base; Harrisburg 0 - Reading 5 |
| BOTTOM OF THE 5TH |
|
Reading Fightin Phils batting - Pitching for Harrisburg Senators : RHP Chris Close
|
|
Batting: RHB Alan Weller
|
0-0: Ground out U3 (Groundball, 34, EV 85.0 MPH)
|
|
Batting: LHB Josh George
|
0-0: Called Strike 0-1: Foul Ball, location: 2F 0-2: Ball 1-2: Foul Ball, location: 2F 1-2: Fly out, F9 (Flyball, 9D, EV 94.4 MPH)
|
|
Batting: RHB Seung-mun Kim
|
0-0: Called Strike 0-1: Swinging Strike 0-2: Ball 1-2: Strikes out looking
|
| Bottom of the 5th over - 0 runs, 0 hits, 0 errors, 0 left on base; Harrisburg 0 - Reading 5 |
| TOP OF THE 6TH |
|
Harrisburg Senators batting - Pitching for Reading Fightin Phils : LHP Eddie San Miguel
|
|
Batting: RHB Kevin Wick
|
0-0: Foul Ball, location: 2F 0-1: Foul Ball, location: 2F 0-2: Ball 1-2: Ground out 6-3 (Groundball, 56, EV 80.6 MPH)
|
|
Batting: RHB Rene Montoya
|
0-0: Called Strike 0-1: Foul Ball, location: 2F 0-2: Foul Ball, location: 2F 0-2: Strikes out swinging
|
|
Batting: RHB Ben Welt
|
0-0: Called Strike 0-1: Ball 1-1: Swinging Strike 1-2: Foul Ball, location: 2F 1-2: SINGLE (Line Drive, 8RS, EV 108.1 MPH)
|
|
Batting: LHB John Luke
|
0-0: Ball Ben Welt is caught stealing 2nd base 2-6
|
| Top of the 6th over - 0 runs, 1 hit, 0 errors, 0 left on base; Harrisburg 0 - Reading 5 |
| BOTTOM OF THE 6TH |
|
Reading Fightin Phils batting - Pitching for Harrisburg Senators : RHP Chris Close
|
|
Batting: RHB Steve Jones
|
0-0: Called Strike 0-1: Ball 1-1: Ball 2-1: Ball 3-1: SINGLE (Groundball, 34D, EV 95.6 MPH)
|
|
Batting: RHB Frank Ramirez
|
0-0: SINGLE (Groundball, 6D, EV 103.1 MPH) Steve Jones to second
|
|
Batting: RHB Cory Bonham
|
0-0: Foul Ball, location: 2F 0-1: Ball 1-1: Ball 2-1: Ball 3-1: Foul Ball, location: 2F 3-2: Foul Ball, location: 2F 3-2: Fly out, F9 (Flyball, 9, EV 99.4 MPH) Runner from 2nd tags up, OUT at 3rd! 9-5
|
|
Batting: RHB Allen Deschamps
|
0-0: Ball Frank Ramirez is caught stealing 2nd base 2-4
|
| Bottom of the 6th over - 0 runs, 2 hits, 0 errors, 0 left on base; Harrisburg 0 - Reading 5 |
| TOP OF THE 7TH |
|
Harrisburg Senators batting - Pitching for Reading Fightin Phils : LHP Eddie San Miguel
|
|
Batting: LHB John Luke
|
0-0: Ball 1-0: Ground out U3 (Groundball, 3, EV 91.2 MPH)
|
|
Batting: LHB Erik Beezley
|
0-0: Ball 1-0: Ball 2-0: Foul Ball, location: 2F 2-1: Foul Ball, location: 2F 2-2: Ball 3-2: Foul Ball, location: 2F 3-2: Ground out U3 (Groundball, 3L, EV 108.1 MPH)
|
|
Batting: RHB Tony Madrigal
|
0-0: Ball 1-0: Foul Ball, location: 2F 1-1: Foul Ball, location: 2F 1-2: Ball 2-2: Fly out, F9 (Flyball, 9, EV 92.5 MPH)
|
| Top of the 7th over - 0 runs, 0 hits, 0 errors, 0 left on base; Harrisburg 0 - Reading 5 |
| BOTTOM OF THE 7TH |
|
Reading Fightin Phils batting - Pitching for Harrisburg Senators : RHP Chris Close
|
|
Batting: RHB Allen Deschamps
|
0-0: Foul Ball, location: 2F 0-1: Ball 1-1: Foul Ball, location: 2F 1-2: Fly out, F9 (Flyball, 9, EV 90.0 MPH)
|
|
Batting: RHB Alberto Ramirez
|
0-0: Foul Ball, location: 2F 0-1: Called Strike 0-2: Ball 1-2: Fly out, F6 (Line Drive, 6, EV 65.6 MPH)
|
|
Pitching: RHP Danny Hoekenga
|
|
|
Batting: RHB Chris Myers
|
0-0: SINGLE (Groundball, 56S, EV 70.6 MPH) (infield hit)
|
|
Batting: RHB Alan Weller
|
0-0: Ball Chris Myers is caught stealing 2nd base 2-4
|
| Bottom of the 7th over - 0 runs, 1 hit, 0 errors, 0 left on base; Harrisburg 0 - Reading 5 |
| TOP OF THE 8TH |
|
Harrisburg Senators batting - Pitching for Reading Fightin Phils : LHP Eddie San Miguel
|
|
Batting: SHB Alex Medina
|
0-0: Ball 1-0: Ball 2-0: Ball 3-0: Called Strike 3-1: TRIPLE (Flyball, 89XD, EV 106.9 MPH)
|
|
Pitching: RHP T.J. Gray
|
|
|
Batting: RHB Pat Drader
|
0-0: Called Strike 0-1: Called Strike 0-2: Ball 1-2: Ball 2-2: SINGLE (Groundball, 34D, EV 101.9 MPH) Alex Medina scores
|
|
Batting: RHB Jim Miske
|
0-0: Called Strike 0-1: Ball 1-1: SINGLE (Groundball, 6MD, EV 101.9 MPH) Pat Drader to second
|
|
Batting: RHB Kevin Wick
|
0-0: Ball 1-0: Called Strike 1-1: Foul Ball, location: 2F 1-2: Ball 2-2: Ball 3-2: Strikes out swinging
|
|
Batting: RHB Rene Montoya
|
0-0: Called Strike 0-1: Foul Ball, location: 2F 0-2: Ball 1-2: Strikes out looking
|
|
Batting: RHB Ben Welt
|
0-0: Ball 1-0: Ground out 4-3 (Groundball, 4, EV 106.9 MPH)
|
| Top of the 8th over - 1 run, 3 hits, 0 errors, 2 left on base; Harrisburg 1 - Reading 5 |
| BOTTOM OF THE 8TH |
|
Reading Fightin Phils batting - Pitching for Harrisburg Senators : RHP Danny Hoekenga
|
|
Pitching: RHP Jason Beck
|
|
|
Batting: RHB Alan Weller
|
0-0: Ball 1-0: Ball 2-0: Ball 3-0: Base on Balls
|
|
Batting: LHB Josh George
|
Pickoff Throw to First - Out! 1-3 0-0: Ball 1-0: Ball 2-0: Called Strike 2-1: Swinging Strike 2-2: Ground out 6-3 (Groundball, 6, EV 89.4 MPH)
|
|
Batting: RHB Seung-mun Kim
|
0-0: Ground out U3 (Groundball, 3, EV 100.6 MPH)
|
| Bottom of the 8th over - 0 runs, 0 hits, 0 errors, 0 left on base; Harrisburg 1 - Reading 5 |
| TOP OF THE 9TH |
|
Harrisburg Senators batting - Pitching for Reading Fightin Phils : RHP T.J. Gray
|
|
Pitching: RHP Alard Kraaijeveld
|
|
|
Batting: LHB John Luke
|
0-0: SINGLE (Flyball, 78M, EV 94.4 MPH)
|
|
Batting: LHB Erik Beezley
|
0-0: Called Strike 0-1: Ball 1-1: SINGLE (Groundball, 34D, EV 108.8 MPH) John Luke to second
|
|
Pitching: RHP Chris Faulkner
|
|
|
Batting: RHB Tony Madrigal
|
0-0: Foul Ball, location: 2F 0-1: Called Strike 0-2: Strikes out swinging
|
|
Batting: SHB Alex Medina
|
0-0: Ball 1-0: Swinging Strike 1-1: Ball Wild Pitch! John Luke to third Erik Beezley to second 2-1: Ball 3-1: Swinging Strike 3-2: Strikes out looking
|
|
Batting: RHB Pat Drader
|
0-0: Fly out, F9 (Line Drive, 9, EV 97.5 MPH)
|
| Top of the 9th over - 0 runs, 2 hits, 0 errors, 2 left on base; Harrisburg 1 - Reading 5 |
|